 Dungeon Crawl Stone Soup version 0.30-a0-159-g068b764562 (webtiles) character file.

Game seed: 445230076107420118

31313 Pooter the Severer (level 13, -4/117 HPs)
             Began as a Minotaur Berserker on Sept 26, 2022.
             Was a Priest of Trog.
             Engulfed by a cloud of flame (20 damage)
             ... on level 2 of the Lair of Beasts on Sept 27, 2022.
             The game lasted 01:37:49 (20158 turns).

Pooter the Severer (Minotaur Berserker)            Turns: 20158, Time: 01:37:50

Health: -4/117     AC: 17    Str: 26    XL:     13   Next: 25%
Magic:  0/22       EV: 11    Int:  6    God:    Trog [***...]
Gold:   139        SH:  0    Dex:  9    Spells: 12/12 levels left

rFire   . . .      SeeInvis +    a - +2 executioner's axe (freeze)
rCold   . . .      Faith    .    (shield currently unavailable)
rNeg    . . .      Spirit   +    R - +2 plate armour
rPois   .          Reflect  .    (helmet unavailable)
rElec   .          Harm     .    (no cloak)
rCorr   .          Rampage  .    M - +0 pair of gloves
Will    ++...                    P - +0 pair of boots
Stlth   ..........               s - amulet of Akligh {Spirit MP+9 SInv}
HPRegen 1.29/turn                F - ring of protection from fire
MPRegen 0.18/turn                z - +4 ring of evasion

@: strong-willed, regenerating
A: horns 3, retaliatory headbutt, iridescent scales 1, high MP 1, heat
vulnerability 1
a: Renounce Religion, Berserk, Trog's Hand


You were on level 2 of the Lair of Beasts.
You worshipped Trog.
Trog was most pleased with you.
You visited 3 branches of the dungeon, and saw 14 of its levels.
You also visited: Ice Cave.

You collected 1268 gold pieces.
You spent 1129 gold pieces at shops.

Inventory:

Hand Weapons
 a - a +2 executioner's axe of freezing (weapon)
   (You acquired it on level 2 of the Orcish Mines)
 b - a +1 arbalest
   (You bought it in a shop on level 2 of the Orcish Mines)
 j - a +0 shortbow
   (You took it off a centaur on level 8 of the Dungeon)
 x - a +0 broad axe
   (You took it off a kobold on level 8 of the Dungeon)
 J - a +1 war axe of flaming
   (You acquired it on level 5 of the Dungeon)
 L - a +0 sling
   (You found it on level 2 of the Dungeon)
 S - a +3 battleaxe
   (You took it off an orc knight on level 1 of the Orcish Mines)
Missiles
 m - 29 boomerangs (quivered)
 y - 8 javelins
 B - a throwing net {!f}
 D - 13 curare-tipped darts
 E - 43 poisoned darts
 G - 5 datura-tipped darts
 Q - 158 stones
Armour
 v - a +0 kite shield
   (You found it on level 4 of the Dungeon)
 M - a +0 pair of gloves (worn)
   (You found it on level 9 of the Dungeon)
 P - a +0 pair of boots (worn)
   (You found it on level 5 of the Dungeon)
 R - a +2 plate armour (worn)
   (You took it off an orc warrior on level 9 of the Dungeon)
Jewellery
 h - an amulet of reflection
   (You found it on level 4 of the Dungeon)
 s - the amulet of Akligh (around neck) {Spirit MP+9 SInv}
   (You found it in an ice cave)

   [amulet of guardian spirit]

   It causes incoming damage to be divided between your reserves of health and
   magic.
   MP:        It affects your magic capacity (+9).
   SInv:      It lets you see invisible.
 z - a +4 ring of evasion (right hand)
   (You took it off a goblin on level 4 of the Dungeon)
 C - a ring of resist corrosion
   (You found it on level 2 of the Dungeon)
 F - a ring of protection from fire (left hand)
   (You found it on level 10 of the Dungeon)
 T - the ring "Moiwil" {Ice rPois Str+3 Stlth-}
   (You found it in an ice cave)

   [ring of ice]

   It enhances your ice magic.
   Str:       It affects your strength (+3).
   rF:        It makes you vulnerable to fire.
   rC:        It protects you from cold.
   rPois:     It protects you from poison.
   Stlth:     It makes you less stealthy.
Wands
 d - a wand of iceblast (24)
   (You found it on level 5 of the Dungeon)
 f - a wand of flame (17)
   (You took it off an orc on level 9 of the Dungeon)
 A - a wand of mindburst (6)
   (You found it on level 5 of the Dungeon)
Scrolls
 g - a scroll of summoning
 q - 3 scrolls of vulnerability {!r}
 t - 5 scrolls of teleportation {@r4}
 u - 4 scrolls of immolation {!r}
 H - 2 scrolls of magic mapping
 I - 2 scrolls of fear
 K - 2 scrolls of poison {!r}
 O - 2 scrolls of butterflies
 U - a scroll of torment {!r}
Potions
 c - 6 potions of flight
 e - a potion of brilliance {unknown}
 k - a potion of resistance
 l - 2 potions of ambrosia
 n - 3 potions of heal wounds {@q2}
 o - 3 potions of attraction {!q}
 p - 7 potions of curing {@q1}
 r - 2 potions of haste {@q3}
 N - a potion of lignification {unknown}


   Skills:
 + Level 11.8 Fighting
 * Level 16.0 Axes
 + Level 13.2 Ranged Weapons
 - Level 5.7 Throwing
 - Level 2.4 Armour
 - Level 2.1 Dodging
 - Level 6.1 Shields
 - Level 6.5 Evocations


You had 12 spell levels left.
You didn't know any spells.
Your spell library was empty.

Dungeon Overview and Level Annotations

Branches:
Dungeon (10/15)            Temple (0/1) D:4            Lair (2/5) D:10
    Orc (2/2) D:9             Elf (0/3) Orc:2         IceCv (visited)
  Swamp: Lair:2-3    Shoals: Lair:2-3     Snake: Lair:2-3    Spider: Lair:2-3

Altars:
Ashenzari
Cheibriados
Elyvilon
Hepliaklqana
Makhleb
Nemelex Xobeh
Qazlal
Ru
Sif Muna
Vehumet
Wu Jian
Xom
Yredelemnul
The Shining One

Shops:
D:3 *   D:9 [   Orc:2 *(:?

Annotations:
D:5 1 runed translucent door, Crazy Yiuf
D:6 2 transporters, juncz's ghost, novice DjCj
D:7 3 runed translucent doors, exclusion: statue, themarg's ghost, novice GnTm
Lair:2 1 runed translucent door, exclusion: 3 oklob plants, SirDiesAlot's ghost, journeyman MfGl


Innate Abilities, Weirdness & Mutations

You have a pair of large horns on your head.
You reflexively headbutt those who attack you in melee.
You are partially covered in iridescent scales. (AC +2)
You have an increased reservoir of magic. (+10% MP)
You are vulnerable to heat. (rF-)


Message History

The black bear explodes!
The fiery explosion engulfs the rime drake!!!
Trog accepts your kill.
The rime drake explodes!
The fiery explosion engulfs you!!
The bullfrog explodes!
The fiery explosion engulfs you!! The oklob plant spits acid at you.
The splash of acid hits you!
* * * LOW HITPOINT WARNING * * *
Your Axes skill increases to level 16!
Aim: an oklob plant (inner flame)
The mass of ice explodes!
The iceblast engulfs the oklob plant!!
Flame seeps out of the oklob plant.
You are engulfed in blazing flames.
* * * LOW MAGIC WARNING * * *
* * * LOW HITPOINT WARNING * * *
The oklob plant is engulfed in blazing flames.
Flame seeps out of the oklob plant.
Aim: an oklob plant (flame, heavily damaged, inner flame)
The mass of ice explodes!
The iceblast engulfs the oklob plant!
Flame seeps out of the oklob plant.
You are engulfed in blazing flames.
* * * LOW MAGIC WARNING * * *
* * * LOW HITPOINT WARNING * * *
The oklob plant is engulfed in blazing flames.
Trog accepts your kill.
The oklob plant explodes!
The oklob plant spits acid at you. The splash of acid hits you!
* * * LOW MAGIC WARNING * * *
* * * LOW HITPOINT WARNING * * *
The oklob plant spits acid at you. The splash of acid hits you.
* * * LOW HITPOINT WARNING * * *
You are too injured to fight recklessly!
Throw: 29 boomerangs
Aim: an oklob plant (inner flame, 98% to hit)
You throw a boomerang. The boomerang hits the oklob plant.
Flame seeps out of the oklob plant.
You are engulfed in blazing flames.
* * * LOW MAGIC WARNING * * *
* * * LOW HITPOINT WARNING * * *
The oklob plant is engulfed in blazing flames.
Flame seeps out of the oklob plant.
Throw: 29 boomerangs
Aim: an oklob plant (flame, lightly damaged, inner flame, 98% to hit)
You throw a boomerang. The boomerang hits the oklob plant.
Flame seeps out of the oklob plant.
You are engulfed in blazing flames.
* * * LOW MAGIC WARNING * * *
You die...

##..#####.##.#.......#.
#...# #.#.#............
##..# ##....~~~........
##..####....~#~........
#...........~~~........
#P.....................
####.###........#P..###
#...##..#♣.♣..#......
####@#......#........
#..§?§..§#..♣.♣.........
#.P.§§☼§§##...#.........
#!P$=.§☼§##.♣.♣.......#.
#.P($.P...#..........##.
#.)$.)P.....♣.♣#..P..##.
#######.###... ##.......
#.# #.. ....... #P..
.#+#...


You could see 3 oklob plants.

Vanquished Creatures
  2 azure jellies (IceCv)
  A quicksilver ooze (IceCv)
  A hydra (Lair:2)
  A two-headed ogre (D:9)
  The ghost of BigDaddyOpFi the Blocker, a novice FoFi of Makhleb (D:9)
  2 death yaks (D:10)
  3 orc high priests (Orc:2)
  5 orc knights
  An oklob plant (Lair:2)
  9 orc sorcerers
  2 ice statues (IceCv)
  A cane toad (Lair:1)
  Maggie (D:10)
  A rime drake (Lair:2)
  An unseen horror zombie (D:9)
  3 trolls
  19 slime creatures (IceCv)
  2 shadows
  A wraith (D:9)
  14 yaks
  4 wyverns
  A steam dragon (D:9)
  4 water moccasins
  3 wargs
  An acid dragon (D:8)
  5 black bears
  15 orc warriors
  3 ice beasts
  3 sky beasts
  2 great orb of eyes simulacra (IceCv)
  8 ogres
  2 wolves (D:10)
  3 centaurs
  A slime creature simulacrum (IceCv)
  4 kobold brigands
  2 gnoll sergeants
  A necrophage (D:4)
  6 bullfrogs
  3 scorpions
  3 glowing shapeshifter simulacra (IceCv)
  12 wights
  13 killer bees
  2 howler monkeys
  15 orc priests
  5 jellies
  4 hounds
  5 iguanas
  Natasha (thrice) (D:4)
  14 orc wizards
  4 shapeshifter simulacra (IceCv)
  A howler monkey zombie (D:9)
  15 gnolls
  7 adders
  A shadow imp (D:7)
  12 white imps (Lair:2)
  2 ufetubi
  A worm (D:5)
  3 dart slugs
  45 orcs
  10 endoplasms
  4 giant cockroaches
  4 goblins
  6 hobgoblins
  6 jackals
  29 kobolds
  5 quokkas
  5 ball pythons
  5 bats
  4 frilled lizards (D:2)
  7 rats
394 creatures vanquished.

Vanquished Creatures (collateral kills)
  An orc warrior (D:9)
  5 orcs (D:9)
6 creatures vanquished.

Vanquished Creatures (others)
  A quokka (D:10)
  4 demonic plants (D:8)
  10 fungi
  8 plants
23 creatures vanquished.

Grand Total: 423 creatures vanquished

Notes
Turn   | Place    | Note
-------+----------+-------------------------------------------
     0 | D:1      | Pooter the Minotaur Berserker began the quest for the Orb.
     0 | D:1      | Reached XP level 1. HP: 19/19 MP: 0/0
   176 | D:1      | Reached skill level 4 in Axes
   247 | D:1      | Reached XP level 2. HP: 24/27 MP: 1/1
   857 | D:2      | Reached ** piety under Trog
   949 | D:2      | Reached XP level 3. HP: 28/33 MP: 2/2
  1088 | D:2      | Reached skill level 5 in Axes
  1575 | D:2      | Reached XP level 4. HP: 41/41 MP: 3/3
  1738 | D:3      | Reached skill level 1 in Ranged Weapons
  1818 | D:3      | Found Kaicovon's Assorted Antiques.
  1821 | D:3      | Bought a clear potion for 26 gold pieces
  1821 | D:3      | Bought a metallic yellow potion for 26 gold pieces
  1821 | D:3      | Bought a silvery potion for 26 gold pieces
  1821 | D:3      | Bought a pink potion for 26 gold pieces
  1854 | D:3      | Identified the +9 dagger of Hesuxtet {vorpal, Dex+4}
  1976 | D:3      | Reached XP level 5. HP: 47/47 MP: 4/4
  2039 | D:3      | Identified the +1 leather armour of Awe {Dex+3}
  2185 | D:3      | Found a sacrificial altar of Ru.
  2267 | D:3      | Found a faded altar of an unknown god.
  2271 | D:3      | Found a hazy altar of Hepliaklqana.
  2448 | D:3      | Found a faded altar of an unknown god.
  2660 | D:4      | Reached skill level 6 in Axes
  2737 | D:4      | Noticed Natasha
  2747 | D:4      | Killed Natasha
  2747 | D:4      | Reached *** piety under Trog
  2753 | D:4      | Reached skill level 5 in Fighting
  2790 | D:4      | Noticed Natasha
  2795 | D:4      | Killed Natasha
  2797 | D:4      | Reached XP level 6. HP: 56/56 MP: 5/5
  2980 | D:4      | Reached skill level 1 in Throwing
  3013 | D:4      | Noticed Natasha
  3018 | D:4      | Killed Natasha
  3169 | D:4      | Found a staircase to the Ecumenical Temple.
  3206 | D:4      | Found an ornate altar of the Wu Jian Council.
  3261 | D:4      | You fall into a shaft and drop 1 floor!
  3261 | D:5      | Entered Level 5 of the Dungeon
  3273 | D:5      | Noticed an ice beast
  3275 | D:5      | Killed an ice beast
  3276 | D:5      | Reached skill level 7 in Axes
  3276 | D:5      | Reached XP level 7. HP: 61/61 MP: 6/6
  3949 | D:5      | Found a snail-covered altar of Cheibriados.
  4016 | D:5      | Found a stormy altar of Qazlal.
  4021 | D:5      | Identified a scroll of acquirement
  4022 | D:5      | Acquired a +1 war axe of flaming
  4096 | D:5      | Found a burning altar of Makhleb.
  4220 | D:5      | Found a shimmering altar of Xom.
  4482 | D:5      | Found a runed translucent door.
  4483 | D:5      | Noticed Crazy Yiuf
  4639 | D:6      | Reached skill level 1 in Evocations
  4668 | D:6      | Reached skill level 5 in Ranged Weapons
  4668 | D:6      | Reached skill level 1 in Shields
  4769 | D:6      | Reached XP level 8. HP: 70/70 MP: 7/7
  4835 | D:6      | Reached skill level 8 in Axes
  4845 | D:6      | Noticed a troll
  4847 | D:6      | Found a transporter.
  4853 | D:6      | Killed a troll
  4902 | D:6      | Found a transporter.
  4905 | D:6      | Noticed juncz's ghost (novice DjCj)
  4906 | D:6      | Identified the +4 great mace "Kaagh" {vorpal, *Rage rCorr
                  | Dex+4}
  4906 | D:6      | Noticed a two-headed ogre
  5088 | D:7      | Noticed themarg's ghost (novice GnTm)
  5088 | D:7      | Found a runed translucent gate.
  5088 | D:7      | Found a runed translucent gate.
  5088 | D:7      | Found a runed translucent gate.
  5181 | D:6      | Reached skill level 9 in Axes
  5181 | D:6      | Reached XP level 9. HP: 78/78 MP: 8/8
  5419 | D:7      | Found a radiant altar of Vehumet.
  5514 | D:7      | Found a sparkling altar of Nemelex Xobeh.
  5743 | D:7      | Reached **** piety under Trog
  6069 | D:8      | Gained mutation: You expend magic power (3 MP) to
                  | strengthen your wands. [potion of mutation]
  6069 | D:8      | Gained mutation: You are partially covered in iridescent
                  | scales. (AC +2) [potion of mutation]
  6070 | D:8      | Lost mutation: You expend magic power (3 MP) to strengthen
                  | your wands. [potion of mutation]
  6070 | D:8      | Lost mutation: You are partially covered in iridescent
                  | scales. (AC +2) [potion of mutation]
  6070 | D:8      | Gained mutation: You are vulnerable to cold. (rC-) [potion
                  | of mutation]
  6070 | D:8      | Gained mutation: You have sharp toenails. [potion of
                  | mutation]
  6071 | D:8      | Lost mutation: You have sharp toenails. [potion of
                  | mutation]
  6071 | D:8      | Lost mutation: You are vulnerable to cold. (rC-) [potion of
                  | mutation]
  6071 | D:8      | Gained mutation: You have an increased reservoir of magic.
                  | (+10% MP) [potion of mutation]
  6071 | D:8      | Gained mutation: Your mind is acute. (Int +4, Str/Dex -1)
                  | [potion of mutation]
  6071 | D:8      | Gained mutation: You have sharp toenails. [potion of
                  | mutation]
  6072 | D:8      | Lost mutation: Your mind is acute. (Int +4, Str/Dex -1)
                  | [potion of mutation]
  6072 | D:8      | Lost mutation: You have sharp toenails. [potion of
                  | mutation]
  6072 | D:8      | Gained mutation: You have a pair of large horns on your
                  | head. [potion of mutation]
  6072 | D:8      | Gained mutation: You are partially covered in iridescent
                  | scales. (AC +2) [potion of mutation]
  6332 | D:8      | Found a shimmering blue altar of Sif Muna.
  6533 | D:8      | Reached skill level 10 in Axes
  6766 | D:9      | Found a broken altar of Ashenzari.
  7100 | D:9      | Reached XP level 10. HP: 84/85 MP: 10/10
  7479 | D:9      | Reached skill level 5 in Shields
  7608 | D:9      | Found a staircase to the Orcish Mines.
  7614 | D:9      | Reached skill level 5 in Throwing
  7797 | D:9      | Found Cytutwugu's Armour Shop.
  7900 | D:9      | Found a runed translucent gate.
  7900 | D:9      | Found a runed translucent gate.
  7900 | D:9      | Found a runed translucent gate.
  7900 | D:9      | Noticed BigDaddyOpFi's ghost (novice FoFi)
  7902 | D:9      | Found a basalt altar of Yredelemnul.
  8029 | D:9      | Noticed a two-headed ogre
  8030 | D:9      | Reached skill level 11 in Axes
  8069 | D:9      | Killed a two-headed ogre
  8162 | D:9      | Found a glowing golden altar of the Shining One.
  8460 | D:9      | Killed BigDaddyOpFi's ghost
  8530 | D:10     | Entered Level 10 of the Dungeon
  8701 | Orc:1    | Entered Level 1 of the Orcish Mines
  8705 | Orc:1    | Reached XP level 11. HP: 76/95 MP: 11/11
  8714 | Orc:1    | Noticed an orc knight
  8855 | D:9      | Killed an orc knight
  9057 | Orc:1    | Noticed an orc sorcerer
  9277 | Orc:1    | Paralysed by an orc sorcerer for 2 turns
  9279 | Orc:1    | Killed an orc sorcerer
  9373 | Orc:1    | Reached skill level 12 in Axes
  9695 | Orc:1    | Reached skill level 10 in Ranged Weapons
  9750 | Orc:1    | Reached skill level 5 in Evocations
  9973 | Orc:1    | Found Ryrhuo's CLEARANCE SALE!.
  9981 | Orc:1    | Bought a scroll of enchant weapon for 37 gold pieces
  9981 | Orc:1    | Bought 5 poisoned darts for 10 gold pieces
  9981 | Orc:1    | Bought 6 curare-tipped darts for 18 gold pieces
 10067 | Orc:2    | Entered Level 2 of the Orcish Mines
 10217 | Orc:2    | Noticed an orc sorcerer
 10226 | Orc:2    | Killed an orc sorcerer
 10230 | Orc:2    | Noticed an orc sorcerer
 10478 | Orc:2    | Paralysed by an orc sorcerer for 2 turns
 10489 | Orc:2    | Paralysed by an orc sorcerer for 3 turns
 10492 | Orc:2    | Noticed a sun demon
 10495 | Orc:2    | Killed an orc sorcerer
 10539 | Orc:2    | Noticed an orc sorcerer
 10851 | Orc:2    | Killed an orc sorcerer
 11091 | Orc:2    | Found a staircase to the Elven Halls.
 11203 | Orc:2    | Noticed an orc sorcerer
 11211 | Orc:2    | Noticed a sixfirhy
 11214 | Orc:2    | Killed an orc sorcerer
 11639 | Orc:2    | Noticed an orc sorcerer
 11648 | Orc:2    | Noticed an orc knight
 11648 | Orc:2    | Noticed an orc high priest
 11672 | Orc:1    | Upgraded the game from 0.30-a0-149-g7f746667c4 to
                  | 0.30-a0-159-g068b764562
 11822 | Orc:1    | Killed an orc knight
 11913 | Orc:2    | Paralysed by an orc sorcerer for 4 turns
 11919 | Orc:2    | Killed an orc sorcerer
 11920 | Orc:2    | Reached skill level 13 in Axes
 11990 | Orc:2    | Noticed an orc knight
 12014 | Orc:2    | Killed an orc knight
 12055 | Orc:2    | Noticed an orc high priest
 12061 | Orc:2    | Noticed a sixfirhy
 12062 | Orc:2    | Gained mutation: You are vulnerable to heat. (rF-) [a
                  | neqoxec]
 12063 | Orc:2    | Killed an orc high priest
 12243 | Orc:2    | Noticed an orc knight
 12257 | Orc:2    | Killed an orc knight
 12659 | Orc:2    | Noticed an orc sorcerer
 12670 | Orc:2    | Noticed a sun demon
 12671 | Orc:2    | Noticed a sun demon
 12671 | Orc:2    | Killed an orc sorcerer
 12672 | Orc:2    | Reached XP level 12. HP: 93/106 MP: 12/12
 13019 | Orc:2    | Found Fotsaweg's Book Shop.
 13027 | Orc:2    | Noticed an orc high priest
 13031 | Orc:2    | Reached skill level 10 in Fighting
 13647 | Orc:2    | Killed an orc high priest
 13725 | Orc:2    | Killed an orc high priest
 14174 | Orc:2    | Found Wyfity's Magic Scroll Shop.
 14175 | Orc:2    | Found Oguj Cik's Weapon Shoppe.
 14175 | Orc:2    | Found Ynaonn's General Store.
 14191 | Orc:2    | Bought 5 datura-tipped darts for 28 gold pieces
 14191 | Orc:2    | Bought a +0 arbalest for 63 gold pieces
 14191 | Orc:2    | Bought 6 curare-tipped darts for 50 gold pieces
 14193 | Orc:2    | Bought a scroll of enchant weapon for 82 gold pieces
 14193 | Orc:2    | Bought a scroll of identify for 22 gold pieces
 14193 | Orc:2    | Bought a scroll of acquirement for 572 gold pieces
 14193 | Orc:2    | Bought a scroll of teleportation for 33 gold pieces
 14193 | Orc:2    | Bought a scroll of identify for 22 gold pieces
 14193 | Orc:2    | Bought a scroll of identify for 22 gold pieces
 14193 | Orc:2    | Bought a scroll of butterflies for 44 gold pieces
 14193 | Orc:2    | Bought a scroll of identify for 22 gold pieces
 14193 | Orc:2    | Acquired a +2 executioner's axe of freezing
 14374 | D:10     | Noticed Maggie
 14381 | D:10     | Killed Maggie
 14562 | D:10     | Found a white marble altar of Elyvilon.
 14761 | D:10     | Found a staircase to the Lair.
 14811 | D:10     | Reached skill level 14 in Axes
 15229 | Lair:1   | Entered Level 1 of the Lair of Beasts
 15460 | Lair:1   | Noticed a death yak
 15460 | Lair:1   | Noticed a death yak
 15461 | Lair:1   | Noticed a death yak
 15461 | Lair:1   | Noticed a death yak
 15496 | D:10     | Killed a death yak
 15689 | D:10     | Killed a death yak
 16454 | Lair:1   | You fall into a shaft and drop 1 floor!
 16454 | Lair:2   | Found a runed translucent door.
 16457 | Lair:2   | Noticed SirDiesAlot's ghost (journeyman MfGl)
 16467 | Lair:2   | Found a frozen archway.
 16494 | IceCv    | Entered an ice cave
 18414 | IceCv    | Reached skill level 15 in Axes
 18621 | IceCv    | Noticed a quicksilver ooze
 18635 | IceCv    | Killed a quicksilver ooze
 19168 | IceCv    | Reached XP level 13. HP: 116/116 MP: 13/13
 19352 | IceCv    | Found a viscous altar of Jiyva.
 19352 | IceCv    | Noticed an azure jelly
 19354 | IceCv    | Noticed an azure jelly
 19365 | IceCv    | Killed an azure jelly
 19715 | IceCv    | Killed an azure jelly
 19836 | IceCv    | Identified the amulet of Akligh {Spirit MP+9 SInv}
 19849 | IceCv    | Got the ring "Moiwil" {Ice rPois Str+3 Stlth-}
 20155 | Lair:2   | Reached skill level 16 in Axes
 20158 | Lair:2   | Engulfed by a cloud of flame

Illustrated notes

Levels and vault maps discovered:
D:1:      heliophobic_arrival_glass_houses, layout_basic
D:2:      layout_basic, minmay_pentomino_r2
D:3:      layout_basic, lemuel_tele_altar, nicolae_overflow_ecumenical_swirl,
          serial_shops, nicolae_shop_behind_doors,
          shapermc_ecumenical_altar_mp_vishouse, serial_glass, glass_columns_b,
          glass_columns_b, grunt_decor_junction, st_stairs_9, minmay_liquid_box,
          kennysheep_generic_room_9
D:4:      layout_cave_pools, nzn_wu_jian_council_hall, minmay_temple_entry_grid,
          uniq_natasha
D:5:      kennysheep_spiral_hall, layout_loops_ring,
          mainiacjoe_overflow_alcove_1, kennysheep_mini_moat, tgw_xom,
          cheibrodos_worm_habitat, uniq_crazy_yiuf_cottage
D:6:      layout_gridville, gammafunk_ghost_smash
D:7:      layout_basic, overflow_temple_1_default, vehumet_statue,
          gammafunk_ghost_split
D:8:      minmay_spotlight, layout_basic, nicolae_sif_muna_condensation,
          grunt_decor_fettered, dreamdust_princess_corridor
D:9:      layout_irregular_city, mainiacjoe_overflow_paths, marbit_many_paths,
          nicolae_yredelemnul_ghost_church, orc_david_3
D:10:     layout_small_grid, elyvilon_altar_4, minmay_lair_entry_grove,
          uniq_maggie
Lair:1:   layout_cave_pods
Lair:2:   minmay_lair_oklob_chamber, layout_gridlike,
          portal_ice_cave_entry_imps, hellmonk_ghost_happy_afterlife,
          serial_forest, infiniplex_forest_corner_1,
          infiniplex_forest_clump_small, infiniplex_forest_clump_tiny,
          infiniplex_forest_clump_cross, infiniplex_forest_lined_4_way,
          infiniplex_forest_lined_2, infiniplex_forest_lined_corner,
          infiniplex_forest_straight_1
Orc:1:    layout_caves, basic_altar, nicolae_shop_clearance
Orc:2:    st_orc_elflike, layout_diamond_mine, basic_altar

Skill      XL: |  1  2  3  4  5  6  7  8  9 10 11 12 13 |
---------------+----------------------------------------+-----
Axes           | 4 5 6 7 9 10 11 13 15 16 | 16.0
Fighting       | 4 5 6 7 8 9 11 | 11.8
Ranged Weapons | 1 2 3 5 6 7 9 11 12 13 | 13.2
Throwing       | 1 2 3 4 5 |  5.7
Evocations     | 1 2 3 4 5 6 |  6.5
Shields        | 1 3 4 6 |  6.1
Armour         | |  2.4
Dodging        | |  2.1

Action                   |  1- 3 |  4- 6 |  7- 9 | 10-12 | 13-15 || total
-------------------------+-------+-------+-------+-------+-------++-------
Melee: Hand axe          |    66 |    91 |    32 |       |       ||   189
       Headbutt          |     8 |    16 |    29 |    94 |     6 ||   153
       War axe           |       |       |   134 |       |     2 ||   136
       Broad axe         |       |       |    19 |       |       ||    19
       Battleaxe         |       |       |    15 |   260 |       ||   275
       Executioner's axe |       |       |       |   140 |    23 ||   163
 Fire: Sling             |       |    39 |    27 |       |       ||    66
       Shortbow          |       |       |    26 |    64 |       ||    90
       Arbalest          |       |       |       |    71 |     2 ||    73
Throw: Dart              |       |       |     5 |       |       ||     5
       Boomerang         |       |       |     5 |    46 |     5 ||    56
Invok: Berserk           |     2 |     4 |     6 |    19 |     3 ||    34
       Trog's Hand       |       |     1 |     7 |    30 |     3 ||    41
Evoke: Wand              |       |     2 |    13 |    15 |     2 ||    32
  Use: Scroll            |       |     4 |    11 |    13 |     4 ||    32
       Potion            |       |       |     4 |     3 |       ||     7
Armor: Animal skin       |    13 |       |       |       |       ||    13
       Ring mail         |    10 |    21 |     2 |       |       ||    33
       Chain mail        |       |       |    64 |    60 |       ||   124
       Plate armour      |       |       |       |   140 |    29 ||   169
Dodge: Dodged            |    50 |    48 |    89 |   253 |    15 ||   455
Block: Other             |       |     5 |     5 |    80 |     7 ||    97
       Kite shield       |       |    17 |   149 |       |       ||   166
       Reflection        |       |     2 |     2 |     5 |       ||     9

Table legend: (Time is in decaauts)
 A = Elapsed time spent in this place.
 B = Non-inter-level travel time spent in this place.
 C = Inter-level travel time spent in this place.
 D = Time resting spent in this place.
 E = Time spent auto-exploring this place.
 F = Levels seen in this place.
 G = Mean time per level.
                   A        B        C        D        E       F      G
               +--------+--------+--------+--------+--------+-----+--------+
         Total |  20663 |  20313 |    350 |   9996 |   6446 |  15 | 1377.5 |
       Dungeon |  10909 |  10673 |    236 |   3164 |   5485 |  10 | 1090.9 |
          Lair |   1076 |   1076 |      0 |    574 |    343 |   2 |  538.0 |
  Orcish Mines |   5125 |   5011 |    114 |   3361 |    576 |   2 | 2562.5 |
      Ice Cave |   3552 |   3552 |      0 |   2895 |     42 |   1 | 3552.0 |
               +--------+--------+--------+--------+--------+-----+--------+

Top non-repeatable levels by time:
   IceCv: 3552 daAuts
   Orc:2: 3269 daAuts
     D:9: 2652 daAuts
   Orc:1: 1855 daAuts
    D:10: 1297 daAuts
     D:5: 1204 daAuts
     D:3: 1027 daAuts
     D:2: 935 daAuts
     D:8: 908 daAuts
     D:6: 844 daAuts
  Lair:1: 839 daAuts
     D:4: 751 daAuts
     D:1: 702 daAuts
     D:7: 586 daAuts
  Lair:2: 237 daAuts
